 Dungeon Crawl Stone Soup version 0.24-a0-434-gd57e52fea8 (webtiles) character file.

Game seed: 4340807075636652608

73 vurker the Chopper (level 4, -6/41 HPs)
             Began as a Hill Orc Monk on June 15, 2019.
             Killed by divine providence
             ... invoked by an orc priest
              (13 damage)
             ... on level 3 of the Dungeon.
             The game lasted 00:02:40 (2146 turns).

vurker the Chopper (Hill Orc Monk)                  Turns: 2146, Time: 00:02:40

Health: -6/41      AC:  8    Str: 14    XL:     4   Next: 27%
Magic:  4/4        EV:  6    Int: 10    God:
Gold:   90         SH:  0    Dex: 13    Spells: 3/3 levels left

rFire    . . .     SeeInvis .   a - +0 hand axe
rCold    . . .     Gourm    .   (no shield)
rNeg     . . .     Faith    .   l - +0 chain mail
rPois    .         Spirit   .   (no helmet)
rElec    .         Reflect  .   (no cloak)
rCorr    .         Harm     .   (no gloves)
MR       .....                  (no boots)
Stlth    ..........             d - amulet of the acrobat
HPRegen  0.13/turn              (no ring)
MPRegen  0.09/turn              (no ring)

@: no status effects
A: no striking features
a: Convert to Beogh


You were on level 3 of the Dungeon.
You were not hungry.

You visited 1 branch of the dungeon, and saw 3 of its levels.

You collected 90 gold pieces.

Inventory:

Hand Weapons
 a - a +0 hand axe (weapon)
Armour
 l - a +0 chain mail (worn)
   (You found it on level 2 of the Dungeon)
Jewellery
 d - an amulet of the acrobat (around neck)
   (You found it on level 1 of the Dungeon)
Scrolls
 g - a scroll of identify {unknown}
 h - 4 scrolls of teleportation {unknown}
 i - 2 scrolls of enchant weapon {unknown}
Potions
 f - a potion of lignification {unknown}
 j - a potion of heal wounds {unknown}
 k - a potion of cancellation {unknown}
Comestibles
 b - a chunk of flesh
 e - 3 rations {!d}


   Skills:
 + Level 4.5 Fighting
 * Level 5.9 Axes
 - Level 2.4 Dodging
 - Level 1.5 Stealth


You had 3 spell levels left.
You didn't know any spells.
Your spell library was empty.

Dungeon Overview and Level Annotations

Branches:
Dungeon (3/15)

Altars:
Elyvilon


Message History

The orc priest shouts!
The orc shouts!
You hear an angry hiss.
An orc comes into view. It is wielding a +0 whip.
The orc moves out of view.
The orc shouts!
You hear a shout!
The orc throws a boomerang.
The boomerang completely misses you.
The weapon returns to the orc!
There is a stone staircase leading up here.
You hit the orc but do no damage. The orc hits you but does no damage.
You hit the orc but do no damage. The orc closely misses you.
You closely miss the orc. The orc hits you but does no damage.
Your chain mail prevents you from hitting the orc.
The orc hits you with a cursed -2 hand axe.
You hit the orc. The orc hits you but does no damage.
Your chain mail prevents you from hitting the orc.
The orc hits you with a cursed -2 hand axe.
You barely miss the orc. The orc hits you but does no damage.
You hit the orc.
The orc hits you with a cursed -2 hand axe.
You hit the orc.
You kill the orc!
The orc throws a boomerang.
The boomerang hits you but does no damage.
The weapon returns to the orc!
You closely miss the orc. The orc hits you with a +0 hand axe.
You hit the orc. The orc hits you with a +0 hand axe.
Your chain mail prevents you from hitting the orc.
The orc hits you but does no damage.
You slash the orc!
You kill the orc!
The orc priest shouts, "Surrender to Beogh and we'll let you live!"
You hit the orc. The orc barely misses you.
The orc priest calls upon Beogh to heal the orc.
The orc's wounds heal themselves!
You hit the orc. The orc barely misses you.
The orc priest calls upon Beogh to heal the orc.
The orc's wounds heal themselves!
You slash the orc!
You kill the orc!
The orc priest mumbles some strange prayers to Beogh against you.
Pain shoots through your body!
You hit the orc.
The orc hits you with a +1 long sword of holy wrath.
* * * LOW HITPOINT WARNING * * *
The orc priest mumbles some strange prayers to Beogh against you.
Beogh smites you!
* * * LOW HITPOINT WARNING * * *
There is a stone staircase leading up here.
The orc priest mumbles some strange prayers to Beogh against you.
Beogh smites you!
You die...

############
#o)o@.......
#.########.#
... #....
#.... #..#.
#o.#. #....


You could see an orc priest and an orc.

Vanquished Creatures
  2 adders (D:2)
  3 worms (D:2)
  2 leopard geckos
  3 orcs (D:3)
  2 ball pythons
  3 giant cockroaches
  3 goblins (D:1)
  3 hobgoblins (D:2)
  4 kobolds
  2 quokkas (D:2)
  8 bats
  3 frilled lizards
  3 rats
41 creatures vanquished.

Notes
Turn   | Place    | Note
-------+----------+-------------------------------------------
     0 | D:1      | vurker the Hill Orc Monk began the quest for the Orb.
     0 | D:1      | Reached XP level 1. HP: 19/19 MP: 1/1
    93 | D:1      | Reached XP level 2. HP: 17/27 MP: 2/2
   995 | D:1      | Reached skill level 5 in Axes
  1183 | D:2      | Reached XP level 3. HP: 27/33 MP: 3/3
  1604 | D:2      | Reached XP level 4. HP: 35/41 MP: 4/4
  1813 | D:2      | Found a white marble altar of Elyvilon.
  2146 | D:3      | Killed from afar by an orc priest

Levels and vault maps discovered:
D:1:      dpeg_arrival_shelter, layout_loops_ring
D:2:      layout_rooms, nicolae_overflow_crystal_walls, kennysheep_potato
D:3:      minmay_chambers_of_twos, layout_loops_ring, chequers_big_river,
          uniq_ijyb

Skill      XL: |  1  2 |
---------------+-------+-----
Fighting       | 4 |  4.5
Axes           | 5 |  5.9
Dodging        | |  2.4
Stealth        | |  1.5

Action                   |  1- 3 |  4- 6 || total
-------------------------+-------+-------++-------
Melee: Hand axe          |   114 |    34 ||   148
 Stab: Sleeping          |    14 |       ||    14
  Eat: Chunk             |     2 |     2 ||     4
Armor: Robe              |    12 |       ||    12
       Chain mail        |       |     8 ||     8
Dodge: Dodged            |    75 |    10 ||    85

Table legend:
 A = Non-vault XP
 B = Vault XP
 C = Vault XP percentage of total XP
 D = Non-vault monster count
 E = Vault monster count
 F = Vault count percentage of total count
                 A         B        C        D         E       F
            +---------+---------+-------+---------+---------+-------
      Total |     103 |       2 |   1.9 |      40 |       1 |   2.4
            +---------+---------+-------+---------+---------+-------
        D:1 |      33 |       0 |   0.0 |      20 |       0 |   0.0
        D:2 |      61 |       2 |   3.2 |      17 |       1 |   5.6
        D:3 |       9 |       0 |   0.0 |       3 |       0 |   0.0
            +---------+---------+-------+---------+---------+-------
